 Dungeon Crawl Stone Soup version 0.25.0-46-gbd7b0854d2 (webtiles) character file.

Game seed: 387496921454739402

3478 DerDa the Insei (level 10, -4/77 HPs)
             Began as a Gnoll Wanderer on July 16, 2020.
             Was a Follower of Okawaru.
             Slain by a vampire mosquito (8 damage)
             ... on level 8 of the Dungeon.
             The game lasted 00:19:23 (10502 turns).

DerDa the Insei (Gnoll Wanderer)                   Turns: 10502, Time: 00:19:24

Health: -4/77      AC:  7    Str: 20    XL:     10   Next: 7%
Magic:  17/17      EV: 14    Int: 14    God:    Okawaru [*.....]
Gold:   464        SH:  0    Dex: 15    Spells: 18/18 levels left

rFire    . . .     SeeInvis +   t - +2 short sword (flame)
rCold    . . .     Gourm    .   (no shield)
rNeg     . . .     Faith    .   D - +1 leather armour of the Guild-Master {rElec rPois Dex-2 Stlth-} (curse)
rPois    +         Spirit   .   H - -5 helmet of the Raven {Str+4}
rElec    +         Reflect  .   g - +0 cloak
rCorr    .         Harm     .   (no gloves)
MR       .....                  M - +0 pair of boots
Stlth    ++........             (no amulet)
HPRegen  0.22/turn              n - ring of see invisible
MPRegen  0.15/turn              c - +4 ring of protection

@: hasted, very quick
A: distributed training, fangs 1, strong nose
a: Heroism, Renounce Religion


You were on level 8 of the Dungeon.
You worshipped Okawaru.
Okawaru was aware of your devotion.
You were not hungry.

You visited 2 branches of the dungeon, and saw 9 of its levels.

You collected 464 gold pieces.

Inventory:

Hand Weapons
 t - a +2 short sword of flaming (weapon)
Missiles
 b - 15 poisoned darts (quivered)
 e - 62 sling bullets
 o - 48 bolts
 q - 248 stones
 r - 5 atropa-tipped darts
Armour
 g - a +0 cloak (worn)
 D - the cursed +1 leather armour of the Guild-Master (worn) {rElec rPois Dex-2 Stlth-}
   (You found it on level 4 of the Dungeon)

   It affects your dexterity (-2).
   It insulates you from electricity.
   It protects you from poison.
   It makes you less stealthy.
   It has a curse placed upon it.
 E - a +2 scale mail of fire resistance
 H - the -5 helmet of the Raven (worn) {Str+4}
   (You found it on level 5 of the Dungeon)

   It affects your strength (+4).
 M - a +0 pair of boots (worn)
Jewellery
 c - a +4 ring of protection (right hand)
 n - a ring of see invisible (left hand)
 s - an uncursed ring of resist corrosion
 G - an uncursed ring of protection from magic
Wands
 j - a wand of enslavement (6)
 m - a wand of digging (5)
 A - a wand of polymorph (11)
 I - a wand of paralysis (8)
 J - a wand of random effects (5)
Scrolls
 a - 4 scrolls of fog
 h - 4 scrolls of amnesia
 i - 4 scrolls of enchant armour
 k - 9 scrolls of teleportation
 l - a scroll of fear {unknown}
 p - a scroll of identify
 x - 4 scrolls of remove curse
 y - a scroll of blinking
 B - 2 scrolls of magic mapping {unknown}
 F - 2 scrolls of enchant weapon {unknown}
Potions
 d - 2 potions of mutation {unknown}
 u - a potion of haste
 v - a potion of lignification {unknown}
 w - a potion of brilliance
 z - 2 potions of invisibility {unknown}
 C - a potion of heal wounds {unknown}
 L - a potion of flight
Comestibles
 f - 19 rations


   Skills:
 + Level 6.7 Fighting
 + Level 4.8 Short Blades
 + Level 4.8 Long Blades
 + Level 4.8 Axes
 + Level 5.5 Maces & Flails
 + Level 4.8 Polearms
 + Level 4.8 Staves
 + Level 4.8 Slings
 + Level 4.8 Bows
 + Level 4.8 Crossbows
 + Level 5.5 Throwing
 + Level 6.7 Armour
 + Level 4.8 Dodging
 + Level 5.4 Stealth
 + Level 5.5 Shields
 + Level 6.7 Unarmed Combat
 + Level 4.8 Spellcasting
 + Level 4.0 Conjurations
 + Level 4.0 Hexes
 + Level 4.0 Charms
 + Level 4.0 Summonings
 + Level 4.0 Necromancy
 + Level 4.0 Translocations
 + Level 4.0 Transmutations
 + Level 4.0 Fire Magic
 + Level 4.0 Ice Magic
 + Level 4.0 Air Magic
 + Level 4.0 Earth Magic
 + Level 4.0 Poison Magic
 + Level 5.3 Invocations
 + Level 4.8 Evocations


You had 18 spell levels left.
You didn't know any spells.
Your spell library contained the following spells:

 Spells                   Type           Power        Failure   Level  Hunger
 Summon Small Mammal      Summ           ##..         4%          1    None
 Call Imp                 Summ           ##......     6%          2    ##.....
 Call Canine Familiar     Summ           ##......     12%         3    ###....
 Summon Guardian Golem    Hex/Summ       ##......     12%         3    ###....
 Summon Ice Beast         Ice/Summ       ##......     36%         4    ####...
 Summon Lightning Spire   Summ/Air       ##......     36%         4    ####...


Dungeon Overview and Level Annotations

Branches:
Dungeon (8/15)             Temple (1/1) D:6
   Lair: D:8-11

Altars:
Ashenzari
Cheibriados
Dithmenos
Elyvilon
Fedhas
Gozag
Hepliaklqana
Kikubaaqudgha
Makhleb
Nemelex Xobeh
Okawaru
Qazlal
Ru
Sif Muna
Trog
Uskayaw
Vehumet
Wu Jian
Xom
Yredelemnul
Zin
The Shining One

Shops:
D:6 :


Innate Abilities, Weirdness & Mutations

Your experience applies equally to all skills.
You have very sharp teeth.
Your uncanny sense of smell can sniff out nearby items.


Message History

Your Necromancy skill increases to level 4!
Your Translocations skill increases to level 4!
Your Transmutations skill increases to level 4!
Your Fire Magic skill increases to level 4!
Your Ice Magic skill increases to level 4!
Your Air Magic skill increases to level 4!
Your Earth Magic skill increases to level 4!
Your Poison Magic skill increases to level 4!
You hit the vampire mosquito. You burn the vampire mosquito.
The vampire mosquito is moderately damaged.
The vampire mosquito bites you but does no damage.
You barely miss the vampire mosquito.
The vampire mosquito is moderately damaged.
The vampire mosquito misses you. The vampire mosquito bites you!
* * * LOW HITPOINT WARNING * * *
The vampire mosquito draws strength from your injuries!
You feel yourself speed up.
The vampire mosquito bites you but does no damage.
The vampire mosquito bites you!
You die...

## .... #...###.# #.# ...#
###.....# ∆#}# ...# ##......## ..
#(##.. ##........# .. #.#.#
###.........# .# #∆
#.#.###...........# . .+
∆#.).##............# #.#
#.#y#.............## ...#
#.#@................ ..#
.##................. .#
.##.................# ##
.##..................# #
###+###..#..........^.....# ##
##.....##..#...............# .##
##.......##..#<............##
#.###.........##.#...............
.#.#...........#.##..............


You could see a vampire mosquito.

Vanquished Creatures
  A hippogriff (D:7)
  An orc warrior (D:8)
  2 phantoms (D:4)
  3 sky beasts
  7 ogres
  A necrophage (D:6)
  A centaur (D:5)
  Blork the orc (D:5)
  A bullfrog (D:7)
  6 scorpions
  A wight (D:7)
  6 crimson imps
  2 quasits
  2 centaur zombies
  2 bullfrog skeletons
  A jelly (D:7)
  9 orc wizards
  A gnoll shaman (D:6)
  4 orc priests
  5 hounds
  5 worker ants
  Ijyb (D:5)
  2 iguanas
  A hound skeleton (D:6)
  A worker ant zombie (D:8)
  2 howler monkey skeletons
  10 adders
  10 gnolls
  An adder zombie (D:5)
  2 worms (D:3)
  4 dart slugs
  5 leopard geckos
  26 orcs
  A ball python (D:6)
  4 giant cockroaches
  12 goblins
  9 hobgoblins
  10 jackals
  5 quokkas
  9 bats
  5 frilled lizards
  9 kobolds
  A leopard gecko skeleton (D:8)
  9 rats
201 creatures vanquished.

Notes
Turn   | Place    | Note
-------+----------+-------------------------------------------
     0 | D:1      | DerDa the Gnoll Wanderer began the quest for the Orb.
     0 | D:1      | DerDa set off with the following items: a +2 dagger, 3
                  | curare-tipped darts, a +0 mace, a +0 ring mail, a ration
     0 | D:1      | Reached XP level 1. HP: 20/20 MP: 1/1
    51 | D:1      | Reached XP level 2. HP: 16/26 MP: 2/2
   552 | D:1      | Reached XP level 3. HP: 28/31 MP: 3/3
   971 | D:1      | Reached skill level 1 in Invocations
  1320 | D:2      | Reached skill level 1 in Short Blades
  1320 | D:2      | Reached skill level 1 in Long Blades
  1320 | D:2      | Reached skill level 1 in Axes
  1320 | D:2      | Reached skill level 1 in Polearms
  1320 | D:2      | Reached skill level 1 in Staves
  1320 | D:2      | Reached skill level 1 in Slings
  1320 | D:2      | Reached skill level 1 in Bows
  1320 | D:2      | Reached skill level 1 in Crossbows
  1320 | D:2      | Reached skill level 1 in Dodging
  1320 | D:2      | Reached skill level 1 in Spellcasting
  1320 | D:2      | Reached skill level 1 in Evocations
  1320 | D:2      | Reached XP level 4. HP: 27/38 MP: 5/5
  1581 | D:2      | Found a white marble altar of Elyvilon.
  2304 | D:3      | Found a shattered altar of Ashenzari.
  2305 | D:3      | Found a shadowy altar of Dithmenos.
  2305 | D:3      | Found a burning altar of Makhleb.
  2358 | D:3      | Reached skill level 1 in Conjurations
  2358 | D:3      | Reached skill level 1 in Hexes
  2358 | D:3      | Reached skill level 1 in Charms
  2358 | D:3      | Reached skill level 1 in Summonings
  2358 | D:3      | Reached skill level 1 in Necromancy
  2358 | D:3      | Reached skill level 1 in Translocations
  2358 | D:3      | Reached skill level 1 in Transmutations
  2358 | D:3      | Reached skill level 1 in Fire Magic
  2358 | D:3      | Reached skill level 1 in Ice Magic
  2358 | D:3      | Reached skill level 1 in Air Magic
  2358 | D:3      | Reached skill level 1 in Earth Magic
  2358 | D:3      | Reached skill level 1 in Poison Magic
  2641 | D:3      | Reached XP level 5. HP: 43/43 MP: 6/6
  3439 | D:4      | Reached XP level 6. HP: 43/50 MP: 8/8
  3537 | D:4      | Reached skill level 5 in Fighting
  3537 | D:4      | Reached skill level 5 in Armour
  3537 | D:4      | Reached skill level 5 in Unarmed Combat
  3846 | D:4      | Got a translucent leather armour
  3856 | D:4      | Identified the cursed +1 leather armour of the Guild-Master
                  | {rElec rPois Dex-2 Stlth-} (You found it on level 4 of the
                  | Dungeon)
  3902 | D:4      | Noticed a sky beast
  3915 | D:4      | Killed a sky beast
  3915 | D:4      | Reached XP level 7. HP: 36/56 MP: 10/10
  4572 | D:5      | Entered Level 5 of the Dungeon
  4623 | D:5      | Got a jewelled helmet
  4628 | D:5      | Identified the -5 helmet of the Raven {Str+4} (You found it
                  | on level 5 of the Dungeon)
  4911 | D:5      | Noticed Ijyb
  5096 | D:4      | Reached XP level 8. HP: 38/63 MP: 12/12
  5594 | D:5      | Killed Ijyb
  6236 | D:5      | Noticed Blork the orc
  6249 | D:5      | Found a shimmering blue altar of Sif Muna.
  6285 | D:5      | Killed Blork the orc
  6731 | D:6      | Reached XP level 9. HP: 58/69 MP: 14/14
  6886 | D:6      | Found Kofodod's Book Shoppe.
  7224 | D:6      | Found a staircase to the Ecumenical Temple.
  7436 | Temple   | Entered the Ecumenical Temple
  7464 | Temple   | Became a worshipper of Warmaster Okawaru
  8271 | D:7      | Reached skill level 5 in Maces & Flails
  8271 | D:7      | Reached skill level 5 in Throwing
  8271 | D:7      | Reached skill level 5 in Shields
  8436 | D:7      | Reached skill level 5 in Stealth
  8783 | D:7      | Reached * piety under Okawaru
  8985 | D:7      | Reached skill level 5 in Invocations
  9662 | D:7      | Found a hazy altar of Hepliaklqana.
  9819 | D:8      | Found a glowing golden altar of the Shining One.
 10051 | D:8      | Reached XP level 10. HP: 65/77 MP: 17/17
 10502 | D:8      | Slain by a vampire mosquito

Illustrated notes

Levels and vault maps discovered:
D:1:      minmay_arrival_open_corners, layout_basic
D:2:      layout_basic, old_standard_altar, first_ration
D:3:      layout_basic, grunt_temple_overflow_open
D:4:      layout_basic
D:5:      layout_rooms, tgw_sif, uniq_ijyb
D:6:      layout_basic, minmay_temple_entry_glassed_door, serial_shops, shop,
          kennysheep_generic_room_6
D:7:      minmay_recursive_quarters, layout_basic, lemuel_round_altar
D:8:      minmay_the_grid_octo_2x2 [minmay_the_grid_octo_empty,
          minmay_the_grid_octo_checkered, minmay_the_grid_octo_tetromino_candy,
          minmay_the_grid_octo_prize_single_spiral], layout_cave_pods,
          tso_metal_star
Temple:   regret_index_temple_waves

Skill      XL: |  1  2  3  4  5  6  7  8  9 10 |
---------------+-------------------------------+-----
Invocations    | 1 2 3 4 5 |  5.3
Short Blades   | 1 2 3 4 |  4.8
Long Blades    | 1 2 3 4 |  4.8
Axes           | 1 2 3 4 |  4.8
Polearms       | 1 2 3 4 |  4.8
Staves         | 1 2 3 4 |  4.8
Slings         | 1 2 3 4 |  4.8
Bows           | 1 2 3 4 |  4.8
Crossbows      | 1 2 3 4 |  4.8
Dodging        | 1 2 3 4 |  4.8
Spellcasting   | 1 2 3 4 |  4.8
Evocations     | 1 2 3 4 |  4.8
Conjurations   | 1 2 3 4 |  4.0
Hexes          | 1 2 3 4 |  4.0
Charms         | 1 2 3 4 |  4.0
Summonings     | 1 2 3 4 |  4.0
Necromancy     | 1 2 3 4 |  4.0
Translocations | 1 2 3 4 |  4.0
Transmutations | 1 2 3 4 |  4.0
Fire Magic     | 1 2 3 4 |  4.0
Ice Magic      | 1 2 3 4 |  4.0
Air Magic      | 1 2 3 4 |  4.0
Earth Magic    | 1 2 3 4 |  4.0
Poison Magic   | 1 2 3 4 |  4.0
Maces & Flails | 3 4 5 |  5.5
Throwing       | 3 4 5 |  5.5
Shields        | 3 4 5 |  5.5
Stealth        | 3 4 5 |  5.4
Fighting       | 5 6 |  6.7
Armour         | 5 6 |  6.7
Unarmed Combat | 5 6 |  6.7

Action                   |  1- 3 |  4- 6 |  7- 9 | 10-12 || total
-------------------------+-------+-------+-------+-------++-------
Melee: Dagger            |   118 |       |       |       ||   118
       Bite              |    16 |    24 |    72 |    11 ||   123
       Short sword       |    28 |   182 |   524 |    47 ||   781
       Punch             |     1 |     3 |    10 |     1 ||    15
Throw: Dart              |       |       |    11 |     2 ||    13
  Use: Potion            |       |     1 |     7 |     1 ||     9
       Scroll            |       |       |     7 |       ||     7
 Stab: Distracted        |     1 |       |       |       ||     1
       Sleeping          |       |     3 |     3 |       ||     6
  Eat: Chunk             |     1 |     9 |    13 |     1 ||    24
       Ration            |       |       |     2 |       ||     2
Armor: Ring mail         |    84 |    59 |       |       ||   143
       Leather armour    |       |     5 |   133 |    10 ||   148
Dodge: Dodged            |    89 |   110 |   344 |    24 ||   567
